 Dungeon Crawl Stone Soup version 0.17-a0-1295-gefc790a (webtiles) character file.

161 MonkeyBuisness the Covered (level 5, -2/34 HPs)
             Began as a Gargoyle Fighter on June 7, 2015.
             Was an Initiate of Okawaru.
             Slain by a gnoll
             ... wielding a +0 halberd
              (4 damage)
             ... on level 3 of the Dungeon.
             The game lasted 00:03:03 (2544 turns).

MonkeyBuisness the Covered (Gargoyle Fighter)       Turns: 2544, Time: 00:03:04

Health: -2/34      AC: 11    Str: 20    XL:     5   Next: 42%
Magic:  5/5        EV:  7    Int:  9    God:    Okawaru [......]
Gold:   193        SH:  9    Dex:  9    Spells: 0 memorised, 4 levels left

rFire  . . .     SeeInvis .     a - +0 war axe
rCold  . . .     Clarity  .     b - +0 scale mail
rNeg   + . .     SustAt   .     c - +0 shield
rPois  ∞         Gourm    .     (no helmet)
rElec  +         Spirit   .     (no cloak)
rCorr  .         Warding  .     (no gloves)
rMut   .         Stasis   .     (no boots)
MR     .....                    (no amulet)
Stlth  ..........               (no ring)
                                (no ring)

@: not resistant to hostile enchantments, extremely unstealthy
A: negative energy resistance 1, electricity resistance, unbreathing,
petrification resistance, rot immunity, AC +4
a: Renounce Religion


You were on level 3 of the Dungeon.
You worshipped Okawaru.
Okawaru was noncommittal.
You were full.

You visited 1 branch of the dungeon, and saw 3 of its levels.

You collected 193 gold pieces.

Inventory:

Hand weapons
 a - a +0 war axe (weapon)
Armour
 b - a +0 scale mail (worn)
 c - a +0 shield (worn)
Jewellery
 o - a +6 ring of intelligence {unknown}
   (You found it on level 2 of the Dungeon)
 z - a +5 ring of dexterity {unknown}
   (You found it on level 3 of the Dungeon)
Scrolls
 f - a scroll of remove curse {unknown}
 h - a scroll of fog {unknown}
 j - 2 scrolls of teleportation {unknown}
 q - a scroll of enchant armour {unknown}
 s - 2 scrolls of identify {unknown}
 t - a scroll of noise {unknown}
 u - a scroll of blinking {unknown}
 x - 2 scrolls of enchant weapon {unknown}
 y - a scroll of magic mapping {unknown}
Potions
 d - a potion of might
 g - 6 potions of curing {unknown}
 k - a potion of lignification {unknown}
 l - a potion of degeneration {unknown}
 m - 2 potions of haste {unknown}
 n - a potion of heal wounds {unknown}
 w - a potion of berserk rage {unknown}
 A - a potion of agility {unknown}
Books
 v - a book of the Sky
   (You found it on level 3 of the Dungeon)
Comestibles
 e - 2 bread rations {@e1}
 i - 2 meat rations {@e2}
 p - a beef jerky
 r - a royal jelly


   Skills:
 + Level 4.3 Fighting
 + Level 2.6 Axes
 + Level 4.5 Armour
 + Level 1.6 Dodging
 - Level 3.2 Shields


You had 4 spell levels left.
You didn't know any spells.

Dungeon Overview and Level Annotations

Branches:
Dungeon (3/15)

Altars:
Okawaru

Annotations:
D:3 Natasha


Innate Abilities, Weirdness & Mutations

You are resistant to torment.
Your stone body is resilient (AC +4).
You are immune to poison.
You resist negative energy.
You are resistant to electric shocks.
You can survive without breathing.
You are immune to petrification.
You are immune to rotting.


Message History

You block the giant gecko's attack.
You closely miss the giant gecko. The giant gecko bites you.
The giant gecko bites you.
You take 5 damage, and have 16/33 hp.
You miss the giant gecko. The giant gecko barely misses you.
You slash the giant gecko!
You kill the giant gecko!
Okawaru accepts your kill.
You start resting.
A hobgoblin comes into view. It is wielding a club.
You regained 12 hp, and now have 28/33 hp.
The hobgoblin moves out of view.
No target in view!
No target in view!
No target in view!
No target in view!
Items here: ))) [ a hand axe; a leather armour; a short sword; a whip You slash the hobgoblin!
You kill the hobgoblin!
Okawaru accepts your kill.
No target in view!
No target in view!
You start resting.
A gnoll comes into view. It is wielding a halberd.
A gnoll is nearby!
You regained 3 hp, and now have 32/33 hp.
A gnoll is nearby!
The gnoll shouts!
Items here: ))) [ a hand axe; a leather armour; a short sword; a whip A gnoll is nearby!
A gnoll is nearby!
A gnoll is nearby!
A gnoll comes into view. It is wielding a halberd.
The gnoll shouts!
You block the gnoll's attack.
A gnoll comes into view. It is wielding a spear.
There are monsters nearby!
A gnoll comes into view.
The gnoll shouts! x2
You block the gnoll's attack.
The gnoll moves out of view.
There are monsters nearby!
You hit the gnoll. The gnoll hits you with a halberd.
You take 4 damage, and have 28/33 hp.
There are monsters nearby!
You barely miss the gnoll. The gnoll hits you but does no damage.
The gnoll barely misses you. The gnoll hits you but does no damage.
There are monsters nearby!
You closely miss the gnoll. The gnoll hits you but does no damage.
The gnoll hits you from afar with a spear.
You block the gnoll's attack.
You take 2 damage, and have 26/33 hp.
You barely miss the gnoll. The gnoll hits you but does no damage.
The gnoll barely misses you.
The gnoll hits you from afar with a halberd.
The gnoll barely misses you.
You take 3 damage, and have 23/33 hp.
The gnoll hits you from afar with a halberd!
You take 10 damage, and have 13/33 hp.
MASSIVE DAMAGE!!
You block the gnoll's attack.
The gnoll hits you from afar with a spear.
You take 2 damage, and have 11/33 hp.
You hit the gnoll. x3
You block the gnoll's attack. The gnoll hits you with a halberd.
You block the gnoll's attack. x2
You take 1 damage, and have 10/33 hp.
You hit the gnoll but do no damage. You slash the gnoll!
You barely miss the gnoll. The gnoll hits you.
* * * LOW HITPOINT WARNING * * *
You block the gnoll's attack. The gnoll hits you but does no damage.
The gnoll hits you but does no damage. You block the gnoll's attack.
The gnoll hits you but does no damage. x2
You take 1 damage, and have 9/33 hp.
The gnoll hits you with a halberd.
* * * LOW HITPOINT WARNING * * *
The gnoll hits you but does no damage.
Natasha, Servant of Life and Death comes into view.
You take 4 damage, and have 5/33 hp.
Natasha hisses angrily.
You hit the gnoll but do no damage. You slash the gnoll!
You kill the gnoll!
Okawaru accepts your kill. The gnoll hits you but does no damage.
The gnoll hits you.
* * * LOW HITPOINT WARNING * * *
The gnoll hits you but does no damage. The gnoll barely misses you.
You take 3 damage, and have 2/34 hp.
A kobold comes into view. It is wielding a dagger.
The kobold shouts!
Natasha hisses.
Natasha casts a spell.
A kobold comes into view. It is wielding a club.
A gnoll comes into view. It is wielding a halberd.
The gnoll shouts!
You hear a shout!
You hear a shout!
The gnoll barely misses you. 2 gnolls come into view.
The gnoll shouts! x2
The gnoll hits you with a halberd.
You die...

..##.##..)##.### #.###.#.#
..#...#...##.## #.##..#.#
.........5#...## #.##.##.#
...._....h..g..####K##.##.#
.........)#...#..K........#
..#...#...##.##.####......#
..##.##......##.#..g...##.#
........#..#.##g#g##<####.###.###
........#.......@...............#
...###..#.##.##..g...#<##.###.#.#
##.###.##.##.#####.#.#.##.#
#.##..##.#...# #........###
##.##.###.#...# ##.##...)..#
......# #.#...#####..######.#####
##.#..# #.#........#.#......#....
......###.#...####.#........#....
#..................#...###..#....


You could see 4 gnolls.

Vanquished Creatures
  An orc priest (D:3)
  Natasha (twice) (D:3)
  3 adders
  A gnoll (D:3)
  3 giant geckos
  5 orcs (D:3)
  A ball python (D:3)
  4 giant cockroaches
  3 goblins (D:1)
  8 hobgoblins
  5 kobolds
  2 quokkas (D:3)
  6 bats
  3 giant newts (D:2)
  4 rats
51 creatures vanquished.

Notes
Turn   | Place    | Note
--------------------------------------------------------------
     0 | D:1      | MonkeyBuisness the Gargoyle Fighter began the quest for the Orb.
     0 | D:1      | Reached XP level 1. HP: 14/14 MP: 1/1
    68 | D:1      | Reached skill level 2 in Axes
    70 | D:1      | Reached XP level 2. HP: 16/19 MP: 2/2
  1025 | D:2      | Reached XP level 3. HP: 19/23 MP: 3/3
  1233 | D:2      | Reached skill level 4 in Armour
  1648 | D:3      | Reached skill level 1 in Dodging
  1688 | D:3      | Reached XP level 4. HP: 29/29 MP: 4/4
  1693 | D:3      | Reached skill level 4 in Fighting
  1903 | D:3      | Noticed Natasha
  1916 | D:3      | Killed Natasha
  1916 | D:3      | Reached XP level 5. HP: 26/33 MP: 5/5
  2003 | D:3      | Found an iron altar of Okawaru.
  2031 | D:3      | HP: 8/33 [orc/hand axe (1)]
  2044 | D:3      | Became a worshipper of Warmaster Okawaru
  2291 | D:3      | Noticed Natasha
  2302 | D:3      | Killed Natasha
  2534 | D:3      | HP: 5/33 [gnoll/halberd (4)]
  2535 | D:3      | Noticed Natasha
  2535 | D:3      | HP: 2/34 [gnoll (4)]
  2544 | D:3      | Slain by a gnoll

Vault maps used:
D:1:      minmay_arrival_open_corners
D:2:      wad_pebble_path
D:3:      okawaru_gym_becter, first_bread, kennysheep_generic_room_12,
          uniq_natasha

Action                   |  1- 3 |  4- 6 || total
-------------------------+-------+-------++-------
Melee: War axe           |   124 |    83 ||   207
  Eat: Meat ration       |     2 |       ||     2

Vault maps used:
D:1:      minmay_arrival_open_corners
D:2:      wad_pebble_path
D:3:      okawaru_gym_becter, first_bread, kennysheep_generic_room_12,
          uniq_natasha

Table legend:
 A = Turns spent in this place as a percentage of turns spent in the entire game.
 B = Non-inter-level travel turns spent in this place as a percentage of non-inter-level travel turns spent in the entire game.
 C = Inter-level travel turns spent in this place as a percentage of turns spent in this place.
 D = Turns resting spent in this place as a percentage of non-inter-level travel turns spent in this place.
 E = Turns spent auto-exploring this place as a percentage of non-inter-level travel turns spent in this place.
 F = Non-inter-level travel turns spent in this place divided by the number of levels of this place that you've seen.
                   A       B       C       D       E      F
               +-------+-------+-------+-------+-------+----------------------
         Total | 100.0 | 100.0 |   0.3 |   2.4 |  10.9 | 246.7
       Dungeon | 100.0 | 100.0 |   0.3 |   2.4 |  10.9 | 246.7
               +-------+-------+-------+-------+-------+----------------------

Table legend:
 A = Kills in this place as a percentage of kills in entire the game.
 B = Kills by you in this place as a percentage of kills by you in the entire game.
 C = Kills by friends in this place as a percentage of kills by friends in the entire game.
 D = Other kills in this place as a percentage of other kills in the entire game.
 E = Experience gained in this place as a percentage of experience gained in the entire game.
 F = Experience gained in this place divided by the number of levels of this place that you have seen.
                   A       B       C       D       E      F
               +-------+-------+-------+-------+-------+----------------------
         Total | 100.0 | 100.0 |  -nan |  -nan | 100.0 |  76.7
       Dungeon | 100.0 | 100.0 |  -nan |  -nan | 100.0 |  76.7
               +-------+-------+-------+-------+-------+----------------------
